 Dungeon Crawl Stone Soup version 0.29.0-15-g675c0067aa (webtiles) character file.

Game seed: 10880997354777663818

65 Bartlander the Firebug (level 3, 0/26 HPs)
             Began as a Draconian Fire Elementalist on Sept 11, 2022.
             Killed by divine providence
             ... invoked by an orc priest
              (16 damage)
             ... on level 3 of the Dungeon.
             The game lasted 00:11:28 (4198 turns).

Bartlander the Firebug (DrFE)                       Turns: 4198, Time: 00:11:29

Health: 0/26       AC:  6    Str: 10    XL:     3   Next: 92%
Magic:  1/6        EV: 12    Int: 17    God:
Gold:   172        SH:  0    Dex: 11    Spells: 0/6 levels left

rFire   . . .      SeeInvis .   c - +0 dagger
rCold   . . .      Faith    .   (no shield)
rNeg    . . .      Spirit   .   (body armour unavailable)
rPois   .          Reflect  .   (helmet restricted)
rElec   .          Harm     .   (no cloak)
rCorr   .          Rampage  .   k - +0 pair of gloves
Will    .....                   (no boots)
Stlth   ++........              (no amulet)
HPRegen 0.08/turn               (no ring)
MPRegen 0.10/turn               (no ring)

@: studying Staves
A: AC +5, unfitting armour, cold-blooded
a: no special abilities


You were on level 3 of the Dungeon.
You visited 1 branch of the dungeon, and saw 3 of its levels.

You collected 172 gold pieces.

Inventory:

Hand Weapons
 c - a +0 dagger (weapon)
Armour
 k - a +0 pair of gloves (worn)
Jewellery
 f - an amulet of the acrobat
Wands
 m - a wand of acid (14)
Scrolls
 h - a scroll of identify {unknown}
 i - a scroll of butterflies
 j - a scroll of blinking
 n - a scroll of noise {unknown}
Potions
 a - a potion of magic
 b - a potion of degeneration {unknown}
 d - a potion of haste {unknown}
 e - a potion of flight {unknown}
 g - a potion of curing {unknown}
 l - a potion of heal wounds {unknown}


   Skills:
 - Level 1.8 Dodging
 - Level 1.8 Stealth
 - Level 2.0 Spellcasting
 + Level 1.1 Conjurations
 + Level 4.8 Fire Magic


You couldn't memorise any spells.
You knew the following spells:

 Your Spells              Type           Power      Damage    Failure   Level
a - Foxfire               Conj/Fire      44%        2x1d6     6%          1
b - Scorch                Fire           36%        2d7       4%          2
c - Conjure Flame         Conj/Fire      11%        6-21      17%         3

Your spell library contained the following spells:

 Spells                   Type           Power      Damage    Failure   Level
 Inner Flame              Hex/Fire       9%         N/A       22%         3
 Flame Wave               Conj/Fire      11%        2d6       50%         4


Dungeon Overview and Level Annotations

Branches:
Dungeon (3/15)

Altars:

Shops:
D:1 (   D:2 ?

Annotations:
D:3 1 transporter


Innate Abilities, Weirdness & Mutations

Your plain brown scales are hard. (AC +5)
You cannot fit into any form of body armour.
You are cold-blooded and may be slowed by cold attacks.


Message History

Found a stone staircase leading up.
Found a ring mail.
Okay, then.
Unknown command.
Unknown command.
Unknown command.
m - a wand of acid (14)
n - a scroll labelled LOES INIAREFO
Found a stone staircase leading down.
There is a stone staircase leading down here.
An orc comes into view. It is wielding a +0 dagger.
Found a mace.
An orc comes into view. It is wielding a +0 club.
The orc shouts!
An orc comes into view. It is wielding a +0 flail.
Casting: Scorch (safe; 4% risk of failure)
Confirm with . or Enter, or press ? or * to list all spells.
The spell is quite dangerous to miscast (17% risk of failure)!
Continue anyway?
The fire begins to smoulder!
The orc shouts!
You hear a shout! x2
An orc priest comes into view. It is wielding a +0 mace.
An orc comes into view. It is wielding a +0 club.
The fire ignites!
Casting: Conjure Flame (quite dangerous; 17% risk of failure)
Confirm with . or Enter, or press ? or * to list all spells.
Flames lash the orc.
You kill the orc!
Casting: Scorch (safe; 4% risk of failure)
Confirm with . or Enter, or press ? or * to list all spells.
You don't have enough magic to cast this spell.
Casting: Foxfire (safe; 6% risk of failure)
Press: ? - help, Q - select action, (/) - cycle Dir - look around, f - activate
Okay, then.
The orc priest miscasts a cantrip.
The orc priest invokes the aid of Beogh against you.
Beogh smites you!
The orc priest calls down the wrath of Beogh upon you.
Beogh smites you!
Ouch! That really hurt!
You die...

#.........#........####
#..................#...
######.####......[.#.##
#.# #.......##.# #.#
#......###.# #.#
#.####.# #.#
#.####....#.###.##
#>................
#@#####.###.###.#. #.#
#.# #.# #.#. #○# #.#
#.# #.#. #o# #.###.#
#<#. #o# #.....# ###.
#o# ####### ## .o. ...
)..


You could see an orc priest and 3 orcs.

Vanquished Creatures
  3 worms
  2 dart slugs
  An orc (D:3)
  5 endoplasms
  5 goblins (D:1)
  3 hobgoblins
  8 jackals
  3 kobolds
  4 quokkas
  6 ball pythons
  3 bats
  A frilled lizard (D:1)
  A rat (D:2)
45 creatures vanquished.

Vanquished Creatures (others)
  54 foxfires
54 creatures vanquished.

Grand Total: 99 creatures vanquished

Notes
Turn   | Place    | Note
-------+----------+-------------------------------------------
     0 | D:1      | Bartlander the Draconian Fire Elementalist began the quest
                  | for the Orb.
     0 | D:1      | Reached XP level 1. HP: 14/14 MP: 3/3
   396 | D:1      | Reached XP level 2. HP: 8/20 MP: 1/5
   594 | D:1      | Learned a level 2 spell: Scorch
  1350 | D:1      | Reached skill level 4 in Fire Magic
  1432 | D:1      | Reached XP level 3. HP: 24/26 MP: 0/6
  1827 | D:1      | Found Sad Luyte's Antique Weapon Shop.
  2202 | D:1      | Found Sad Luyte's Antique Weapon Shop.
  3075 | D:2      | Found Foro Gorph's Magic Scroll Emporium.
  3571 | D:2      | Found a faded altar of an unknown god.
  3965 | D:2      | Learned a level 3 spell: Conjure Flame
  4033 | D:3      | Found a transporter.
  4198 | D:3      | Killed from afar by an orc priest

Illustrated notes

Levels and vault maps discovered:
D:1:      denvon_arrival_waterhouse, layout_loops_corners, serial_shops,
          nicolae_shop_overgrown_old_shop, nicolae_wormholes
D:2:      layout_rooms, serial_shops, nicolae_diamond_shop,
          hellmonk_ecumenical_altar_blasted
D:3:      gammafunk_steamed_eel, layout_basic, kiku_gazebo_pond_becter

Skill      XL: |  1  2 |
---------------+-------+-----
Fire Magic     | 4 |  4.8
Dodging        | |  1.8
Stealth        | |  1.8
Spellcasting   | |  2.0
Conjurations   | |  1.1

Action                   || total
-------------------------++-------
Melee: Unarmed           ||    16
       Dagger            ||    79
       Tailslap          ||     7
 Cast: Foxfire           ||    31
       Scorch            ||    30
       Conjure Flame     ||     1
  Use: Scroll            ||     7
Armor: Skin              ||    28
Dodge: Dodged            ||    55
